 Dungeon Crawl Stone Soup version 0.30-a0-852-g08b95dd62f (webtiles) character file.

Game seed: 9039713147819329630

209 Rocko1345 the Ruffian (level 5, -14/40 HPs)
             Began as a Draconian Transmuter on Mar 5, 2023.
             Demolished by a polar bear (15 damage)
             ... created by the rage of Trog
             ... on level 4 of the Dungeon.
             The game lasted 00:05:19 (1595 turns).

Rocko1345 the Ruffian (Draconian Transmuter)        Turns: 1595, Time: 00:05:20

Health: -14/40     AC:  6    Str: 14    XL:     5   Next: 55%
Magic:  6/8        EV: 12    Int: 14    God:
Gold:   106        SH:  0    Dex: 11    Spells: 2/8 levels left

rFire   . . .      SeeInvis .      - Unarmed
rCold   . . .      Faith    .    (no shield)
rNeg    . . .      Spirit   .    (body armour unavailable)
rPois   .          Reflect  .    (helmet restricted)
rElec   .          Rampage  .    c - +0 cloak
rCorr   .                        (no gloves)
Will    .....                    (no boots)
Stlth   +                        (no amulet)
HPRegen 0.26/turn                (no ring)
MPRegen 0.11/turn                (no ring)

@: lethally poisoned (-14 -> -16), wereblooded (expiring)
A: AC +5, unfitting armour, cold-blooded
a: no special abilities


You were on level 4 of the Dungeon.
You visited 1 branch of the dungeon, and saw 3 of its levels.

You collected 106 gold pieces.

Inventory:

Hand Weapons
 h - a +0 dagger of electrocution
Missiles
 j - 2 javelins
Armour
 c - a +0 cloak (worn)
Scrolls
 e - a scroll of fog {unknown}
 f - a scroll of poison {unknown}
 g - 2 scrolls of butterflies {unknown}
 i - a scroll of identify {unknown}
 o - a scroll of blinking {unknown}
Potions
 a - a potion of lignification
 b - a potion of curing {unknown}
 d - a potion of haste {unknown}
 k - a potion of heal wounds {unknown}
 l - a potion of brilliance {unknown}
 m - a potion of magic {unknown}
 n - a potion of attraction {unknown}


   Skills:
 + Level 1.3 Fighting
 + Level 2.2 Dodging
 + Level 0.6 Stealth
 * Level 5.9 Unarmed Combat
 - Level 2.1 Spellcasting
 - Level 2.0 Transmutations


You had 2 spell levels left.
You knew the following spells:

 Your Spells              Type           Power      Damage    Failure   Level
a - Beastly Appendage     Tmut           14%        N/A       10%         1
b - Wereblood             Tmut           7%         N/A       16%         2
c - Spider Form           Tmut/Pois      4%         N/A       43%         3

Your spell library contained the following spells:

 Spells                   Type           Power      Damage    Failure   Level
 Magic Dart               Conj           4%         1d3       24%         1
 Call Imp                 Summ           1%         N/A       34%         2
 Searing Ray              Conj           2%         2d4       34%         2
 Mephitic Cloud           Conj/Pois/Air  1%         N/A       56%         3
 Ice Form                 Ice/Tmut       4%         N/A       83%         4
 Fulminant Prism          Conj/Hex       0%         3d5       93%         4


Dungeon Overview and Level Annotations

Branches:
Dungeon (2/15)

Altars:
Trog


Innate Abilities, Weirdness & Mutations

Your plain brown scales are hard. (AC +5)
You cannot fit into any form of body armour.
You are cold-blooded and may be slowed by cold attacks.


Message History

You are poisoned.
You closely miss something. You tail-slap something!
You feel sick. Something hits you.
You are more poisoned.
You hit something.
You feel a bit better.
Reactivating autopickup.
You feel a bit more experienced.
You feel sick. The orc barely misses you.
You feel sick.
You hear a shout!
The orc misses you.
Trog sends monsters to punish you. 2 black bears and 3 polar bears come into view.
Things that are here:
a +2 dagger of venom; a +0 robe; an orc corpse You punch the orc!
The orc is almost dead.
You feel sick. The orc misses you.
You hit the orc.
You feel a bit better.
You kill the orc!
You feel sick.
An orc wizard comes into view. It is wielding a +0 dagger.
The polar bear closely misses you.
The polar bear claws you but does no damage.
The polar bear closely misses you. The polar bear bites you!!
The polar bear claws you.
* * * LOW HITPOINT WARNING * * *
The polar bear barely misses you.
You hear a shout!
Found a stone staircase leading down.
Your primal bloodlust is almost over.
You feel sick.
The black bear attacks as you move away!
The black bear misses you. The black bear claws you.
* * * LOW HITPOINT WARNING * * *
The black bear closely misses you.
* * * LOW HITPOINT WARNING * * *
You feel sick.
You hear a shout!
The polar bear bites you!
You die...

####### ####
......## ...
###..h##o#
#...hhh@.#
..>#..h####
##.## #)# #)#
#)# #.# ##.##
#.#
##...#.#<#####


You could see 3 polar bears, 2 black bears and an orc wizard.

Vanquished Creatures
  2 jellies (D:4)
  An orc priest (D:4)
  A hound (D:4)
  An orc wizard (D:4)
  3 adders
  A dart slug (D:4)
  5 orcs (D:4)
  6 endoplasms
  A goblin (D:1)
  4 hobgoblins
  A kobold (D:1)
  2 bats (D:1)
  3 frilled lizards
  A rat (D:1)
32 creatures vanquished.

Notes
Turn   | Place    | Note
-------+----------+-------------------------------------------
     0 | D:1      | Rocko1345 the Draconian Transmuter began the quest for the
                  | Orb.
     0 | D:1      | Reached XP level 1. HP: 16/16 MP: 3/3
   486 | D:1      | Reached XP level 2. HP: 23/23 MP: 5/5
   780 | D:2      | Found a faded altar of an unknown god.
   784 | D:2      | Found a bloodstained altar of Trog.
   799 | D:2      | Became a worshipper of Trog the Wrathful
   826 | D:2      | Was placed under penance by Trog
   865 | D:2      | Fell from the grace of Trog
   920 | D:2      | Reached skill level 4 in Unarmed Combat
  1062 | D:2      | Reached XP level 3. HP: 28/28 MP: 4/6
  1249 | D:2      | You fall into a shaft and drop 2 floors!
  1263 | D:4      | Reached XP level 4. HP: 3/35 MP: 4/7
  1393 | D:4      | Learned a level 2 spell: Wereblood
  1397 | D:4      | Learned a level 3 spell: Spider Form
  1419 | D:4      | Reached skill level 5 in Unarmed Combat
  1507 | D:4      | Reached XP level 5. HP: 37/40 MP: 4/8
  1592 | D:4      | Noticed a black bear
  1592 | D:4      | Noticed a polar bear
  1592 | D:4      | Noticed a black bear
  1592 | D:4      | Noticed a polar bear
  1592 | D:4      | Noticed a polar bear
  1595 | D:4      | HP: 2/40 [black bear[the rage of Trog] (6)]
  1595 | D:4      | Demolished by a polar bear

Illustrated notes

Levels and vault maps discovered:
D:1:      dpeg_chamrin_arrival_tetris, layout_basic, st_stairs_10,
          minmay_cut_off
D:2:      layout_loops_cross, basic_altar,
          chequers_ecumenical_altar_simple_redux
D:4:      layout_loops_ring, mainiacjoe_overflow_alcove_1,
          nicolae_hepliaklqana_hazy_memory, kennysheep_small_spiral

Skill      XL: |  1  2  3  4 |
---------------+-------------+-----
Unarmed Combat | 4 5 |  5.9
Dodging        | 2 |  2.2
Fighting       | |  1.3
Stealth        | |  0.6
Spellcasting   | |  2.1
Transmutations | |  2.0

Action                     |  1- 3 |  4- 6 || total
---------------------------+-------+-------++-------
  Melee: Unarmed           |    67 |    21 ||    88
         Tailslap          |     7 |     5 ||    12
         Headbutt          |     8 |     6 ||    14
         Kick              |     5 |     9 ||    14
         Punch             |     2 |       ||     2
   Cast: Beastly Appendage |     8 |     4 ||    12
         Wereblood         |       |     3 ||     3
 Invoke: Renounce Religion |     1 |       ||     1
 Armour: Skin              |    23 |     5 ||    28
  Dodge: Dodged            |    31 |    18 ||    49

Table legend: (Time is in decaauts)
 A = Elapsed time spent in this place.
 B = Non-inter-level travel time spent in this place.
 C = Inter-level travel time spent in this place.
 D = Time resting spent in this place.
 E = Time spent auto-exploring this place.
 F = Levels seen in this place.
 G = Mean time per level.
                   A        B        C        D        E       F      G
               +--------+--------+--------+--------+--------+-----+--------+
         Total |   1637 |   1584 |     53 |    292 |    910 |   3 |  545.7 |
       Dungeon |   1637 |   1584 |     53 |    292 |    910 |   3 |  545.7 |
               +--------+--------+--------+--------+--------+-----+--------+

Top non-repeatable levels by time:
     D:1: 773 daAuts
     D:2: 520 daAuts
     D:4: 343 daAuts
